 Dungeon Crawl Stone Soup version 0.27-a0-1046-g98bf31544f (webtiles) character file.

Game seed: 8721780158180799640

60 senseless the Skirmisher (level 3, -15/34 HPs)
             Began as a Minotaur Fighter on Apr 19, 2021.
             Demolished by an ogre
             ... wielding a +0 giant spiked club
              (24 damage)
             ... on level 2 of the Dungeon.
             The game lasted 00:05:14 (1416 turns).

senseless the Skirmisher (Minotaur Fighter)         Turns: 1416, Time: 00:05:15

Health: -15/34     AC:  8    Str: 20    XL:     3   Next: 80%
Magic:  2/2        EV:  7    Int:  5    God:
Gold:   32         SH:  9    Dex: 10    Spells: 2/2 levels left

rFire    . . .     SeeInvis .   a - +0 long sword
rCold    . . .     Faith    .   c - +0 kite shield
rNeg     . . .     Spirit   .   b - +0 scale mail
rPois    .         Reflect  .   (helmet restricted)
rElec    .         Harm     .   k - +0 cloak
rCorr    .         Rampage  .   (no gloves)
Will     .....                  (no boots)
Stlth    ..........             (no amulet)
HPRegen  0.11/turn              (no ring)
MPRegen  0.08/turn              (no ring)

@: no status effects
A: horns 2, retaliatory headbutt
a: no special abilities


You were on level 2 of the Dungeon.
You visited 1 branch of the dungeon, and saw 2 of its levels.

You collected 32 gold pieces.

Inventory:

Hand Weapons
 a - a +0 long sword (weapon)
Armour
 b - a +0 scale mail (worn)
 c - a +0 kite shield (worn)
 k - a +0 cloak (worn)
Scrolls
 e - a scroll of immolation {unknown}
 f - a scroll of brand weapon {unknown}
 g - a scroll of noise {unknown}
 i - a scroll of summoning {unknown}
 j - 3 scrolls of identify {unknown}
Potions
 d - a potion of might
 h - a potion of flight {unknown}


   Skills:
 * Level 4.5 Fighting
 + Level 3.0 Long Blades
 + Level 4.1 Armour
 + Level 4.2 Shields


You had 2 spell levels left.
You didn't know any spells.
Your spell library was empty.

Dungeon Overview and Level Annotations

Branches:
Dungeon (2/15)

Altars:


Innate Abilities, Weirdness & Mutations

You have a pair of horns on your head.
You reflexively headbutt those who attack you in melee.


Message History

You block the jackal's attack.
You barely miss the jackal. You headbutt the jackal.
The jackal is almost dead.
The jackal bites you but does no damage. x2
The jackal closely misses you. You furiously retaliate!
You headbutt the jackal.
You kill the jackal!
You slash the jackal!
You kill the jackal!
No target in view!
You see here a jackal corpse.
You open the door.
There is an open door here.
j - 2 scrolls labelled NALEUQUIRU (gained 1)
j - 3 scrolls labelled NALEUQUIRU (gained 1)
There is an open door here.
You see here a jackal corpse.
An ogre comes into view. It is wielding a +0 giant spiked club.
The ogre shouts!
You barely miss the ogre. The ogre closely misses you.
You closely miss the ogre. The ogre misses you. You furiously retaliate!
You headbutt the ogre. You hit the ogre but do no damage.
Your headbutt misses the ogre.
The ogre is lightly wounded.
The ogre hits you with a +0 giant spiked club!!
Ouch! That really hurt!
* * * LOW HITPOINT WARNING * * *
You are too injured to fight recklessly!
You are too injured to fight recklessly!
You hit the ogre.
The ogre is lightly wounded.
You block the ogre's attack.
You hit the ogre but do no damage. You headbutt the ogre.
The ogre is moderately wounded.
You block the ogre's attack.
You hit the ogre.
The ogre is heavily wounded.
The ogre hits you with a +0 giant spiked club!!
Ouch! That really hurt!
You die...

...#+# ..#.# ..#.#
..#.# #.#.## #.#..
#O#.##### ######
#@#.....# #.....
#.#.###.# #.....
#.....#.# #.....
#......#.# #.....
#......#.#####.....
#......#.#...'.....
#......#.#.###.....
+......#.#.#.####+#
#......#.#.#....#.#


You could see an ogre.

Vanquished Creatures
  An adder (D:2)
  A dart slug (D:1)
  7 endoplasms (D:1)
  3 giant cockroaches (D:1)
  5 goblins
  2 hobgoblins (D:1)
  8 jackals
  2 quokkas (D:1)
  4 ball pythons
  4 bats (D:1)
  A frilled lizard (D:1)
  2 kobolds (D:1)
  2 rats (D:1)
42 creatures vanquished.

Notes
Turn   | Place    | Note
-------+----------+-------------------------------------------
     0 | D:1      | senseless the Minotaur Fighter began the quest for the Orb.
     0 | D:1      | Reached XP level 1. HP: 19/19 MP: 0/0
   127 | D:1      | Reached XP level 2. HP: 27/27 MP: 1/1
   584 | D:1      | You fall into a shaft and drop 1 floor!
   616 | D:1      | Reached XP level 3. HP: 33/33 MP: 2/2
  1408 | D:2      | Noticed an ogre
  1416 | D:2      | Demolished by an ogre

Illustrated notes

Levels and vault maps discovered:
D:1:      mrwooster_arrival_statue, layout_loops_corners
D:2:      layout_basic, ebering_ecumenical_altar_webs

Skill      XL: |  1  2  3 |
---------------+----------+-----
Fighting       | 4 |  4.5
Shields        | 4 |  4.2
Armour         | 4 |  4.1
Long Blades    | 3 |  3.0

Action                   || total
-------------------------++-------
Melee: Long sword        ||    87
       Headbutt          ||    14
Armor: Scale mail        ||    46
Dodge: Dodged            ||    36
Block: Kite shield       ||    46
       Rpst.: Long sword ||    11

Table legend: (Time is in decaauts)
 A = Elapsed time spent in this place.
 B = Non-inter-level travel time spent in this place.
 C = Inter-level travel time spent in this place.
 D = Time resting spent in this place.
 E = Time spent auto-exploring this place.
 F = Levels seen in this place.
 G = Mean time per level.
                   A        B        C        D        E       F      G
               +--------+--------+--------+--------+--------+-----+--------+
         Total |   1458 |   1430 |     28 |      0 |   1199 |   2 |  729.0 |
       Dungeon |   1458 |   1430 |     28 |      0 |   1199 |   2 |  729.0 |
               +--------+--------+--------+--------+--------+-----+--------+

Top non-repeatable levels by time:
     D:1: 1190 daAuts
     D:2: 268 daAuts
